 Dungeon Crawl Stone Soup version 0.23.2-40-g277498a001 (webtiles) character file.

Game seed: 14101211945197697115

40 Emblim88 the Magician (level 3, -1/19 HPs)
             Began as a Deep Elf Wizard on Sept 25, 2019.
             Slain by a worm (10 damage)
             ... on level 2 of the Dungeon.
             The game lasted 00:08:53 (1456 turns).

Emblim88 the Magician (Deep Elf Wizard)             Turns: 1456, Time: 00:08:53

Health: -1/19      AC:  2    Str:  3 (4)  XL:     3   Next: 30%
Magic:  1/11       EV: 13    Int: 22 (23) God:
Gold:   43         SH:  0    Dex: 12 (13) Spells: 0/11 levels left

rFire    . . .     SeeInvis .   e - +0 club
rCold    . . .     Gourm    .   (no shield)
rNeg     . . .     Faith    .   a - +0 robe
rPois    .         Spirit   .   b - +0 hat
rElec    .         Reflect  .   (no cloak)
rCorr    .         Harm     .   (no gloves)
MR       .....                  (no boots)
Stlth    ++........             (no amulet)
HPRegen  0.06/turn              (no ring)
MPRegen  0.12/turn              (no ring)

@: very slightly contaminated
A: no striking features
a: no special abilities


You were on level 2 of the Dungeon.
You were hungry.

You visited 1 branch of the dungeon, and saw 2 of its levels.

You collected 43 gold pieces.

Inventory:

Hand Weapons
 e - a +0 club (weapon)
Armour
 a - a +0 robe (worn)
 b - a +0 hat (worn)
Scrolls
 c - a scroll of enchant weapon {unknown}
 h - a scroll of blinking
Comestibles
 d - 5 rations


   Skills:
 + Level 3.0 Dodging
 * Level 3.6 Stealth
 + Level 4.7 Spellcasting
 + Level 1.8 Conjurations
   Level 1.1 Summonings
 - Level 1.1 Translocations


You couldn't memorise any spells.
You knew the following spells:

 Your Spells              Type           Power        Failure   Level  Hunger
a - Magic Dart            Conj           ##..         4%          1    None
b - Blink                 Tloc           N/A          10%         2    None
c - Slow                  Hex            #.......     16%         2    None
d - Conjure Flame         Conj/Fire      #.......     22%         3    ##.....
e - Mephitic Cloud        Conj/Pois/Air  #.......     24%         3    ##.....

Your spell library contained the following spells:

 Spells                   Type           Power        Failure   Level  Hunger
 Call Imp                 Summ           ##......     10%         2    None


Dungeon Overview and Level Annotations

Branches:
Dungeon (2/15)

Altars:
Zin


Message History

The worm bites you!
Ouch! That really hurt!
Casting: Magic Dart (safe; 4% risk of failure)
Confirm with . or Enter, or press ? or * to list all spells.
Aiming: Magic Dart (safe; 4% risk of failure)
Press: ? - help, Shift-Dir - straight line, f/p - worm
Aim: a worm (severely wounded)
The magic dart hits the worm.
The worm is severely wounded.
The worm closely misses you.
Casting: Magic Dart (safe; 4% risk of failure)
Confirm with . or Enter, or press ? or * to list all spells.
You don't know that spell.
You hit the worm.
The worm is severely wounded.
You barely miss the worm.
The worm is severely wounded.
The worm bites you!
Ouch! That really hurt!
You die...

#.#...'.##.#.......#
#.#####....#.......#
########.#
###.###.######
#........# #.'(#.#
#......÷.# ###.#.#
#....<...# .#.#.#
########.# ###.#.#.#
#.# #.wb#.#.# #>#
#@###.#.# #.#
#.'..)#.#
###.###########.#
#...†..........)#
#...######..#####
#...# #..# #...#
#..# #...# ##>#
#...# #.#


You could see a worm and a bat.

Vanquished Creatures
  A gnoll (D:1)
  A dart slug (D:1)
  2 ball pythons (D:2)
  A giant cockroach (D:2)
  5 goblins
  A hobgoblin (D:1)
  A quokka (D:2)
  4 bats (D:1)
  3 frilled lizards (D:1)
  6 kobolds
  5 rats (D:1)
30 creatures vanquished.

Notes
Turn   | Place    | Note
-------+----------+-------------------------------------------
     0 | D:1      | Emblim88 the Deep Elf Wizard began the quest for the Orb.
     0 | D:1      | Reached XP level 1. HP: 10/10 MP: 7/7
   296 | D:1      | Reached XP level 2. HP: 15/15 MP: 7/9
   300 | D:1      | Learned a level 2 spell: Blink
   860 | D:1      | Reached XP level 3. HP: 19/19 MP: 6/11
   941 | D:1      | Learned a level 2 spell: Slow
   945 | D:1      | Learned a level 3 spell: Conjure Flame
   949 | D:1      | Learned a level 3 spell: Mephitic Cloud
  1377 | D:2      | Found a glowing silver altar of Zin.
  1456 | D:2      | Slain by a worm

Skill      XL: |  1  2  3 |
---------------+----------+-----
Stealth        | 3 |  3.6
Dodging        | 3 |  3.0
Spellcasting   | |  4.7
Conjurations   | |  1.8
Summonings     | |  1.1
Translocations | |  1.1

Action                   || total
-------------------------++-------
Melee: Unarmed           ||    10
       Club              ||    12
 Cast: Magic Dart        ||    75
  Use: Potion            ||     5
       Scroll            ||     3
  Eat: Chunk             ||     1
Armor: Robe              ||     7
Dodge: Dodged            ||    26
